 Dungeon Crawl Stone Soup version 0.26-a0-784-g51bffae0b1 (webtiles) character file.

Game seed: 16988949009092366517

1001 Kinoniko the Slasher (level 8, -4/70 HPs)
             Began as a Hill Orc Fighter on Nov 10, 2020.
             Slain by a yak (12 damage)
             ... on level 5 of the Dungeon.
             The game lasted 00:05:34 (5381 turns).

Kinoniko the Slasher (Hill Orc Fighter)             Turns: 5381, Time: 00:05:34

Health: -4/70      AC: 12    Str: 20    XL:     8   Next: 20%
Magic:  8/8        EV:  5    Int:  8    God:
Gold:   349        SH: 10    Dex: 11    Spells: 7/7 levels left

rFire    . . .     SeeInvis .   a - +1 long sword
rCold    . . .     Faith    .   c - +0 kite shield
rNeg     . . .     Spirit   .   f - +0 chain mail
rPois    .         Reflect  .   n - +1 hat
rElec    .         Harm     .   (no cloak)
rCorr    .         Rampage  .   h - +0 pair of gloves
MR       +....                  (no boots)
Stlth    ..........             (no amulet)
HPRegen  0.21/turn              t - ring of protection from magic
MPRegen  0.11/turn              (no ring)

@: studying Crossbows
A: no striking features
a: no special abilities


You were on level 5 of the Dungeon.
You visited 1 branch of the dungeon, and saw 5 of its levels.

You collected 349 gold pieces.

Inventory:

Hand Weapons
 a - a +1 long sword (weapon)
Armour
 c - a +0 kite shield (worn)
 f - a +0 chain mail (worn)
 h - a +0 pair of gloves (worn)
 n - a +1 hat (worn)
Jewellery
 t - a ring of protection from magic (left hand)
Wands
 j - a wand of flame (11)
 o - a wand of random effects (17)
Scrolls
 b - 4 scrolls of amnesia
 d - a scroll of fog
 e - a scroll of magic mapping
 k - 2 scrolls of teleportation
 m - a scroll of immolation
 p - a scroll of remove curse
Books
 q - a manual of Crossbows


   Skills:
 + Level 6.1 Fighting
 * Level 6.7 Long Blades
 + Level 5.5 Armour
 + Level 5.5 Shields


You had 7 spell levels left.
You didn't know any spells.
Your spell library was empty.

Dungeon Overview and Level Annotations

Branches:
Dungeon (5/15)             Temple (0/1) D:5

Altars:
Xom

Shops:
D:5 :*}

Annotations:
D:4 3 runed translucent doors, Conn's ghost, novice OpFE; Kinoniko's ghost, amateur DrMo; Necrophagist's ghost, novice FoBe


Message History

The yak gores you.
You hit the yak but do no damage.
The yak is heavily wounded.
The yak gores you. The yak gores you! You block the yak's attack.
The yak gores you.
* * * LOW HITPOINT WARNING * * *
You feel better. The yak gores you but does no damage.
You block the yak's attack. The yak gores you!
* * * LOW HITPOINT WARNING * * *
The yak completely misses you.
You riposte.
Your shield and chain mail prevent you from hitting the yak.
The yak is heavily wounded.
You hit the yak.
The yak is heavily wounded.
The yak gores you but does no damage. x3; The yak gores you!
* * * LOW HITPOINT WARNING * * *
You hit the yak.
The yak is heavily wounded.
The yak gores you!
You die...

#...##.###.#.###............#
#.....####.#.###.##..#####...
#.....#∩'..#.....##..# ###.
#...#.####.#.........# #.
#,,,##YY.Y.........,,* #.
*,,,*#Y###Y#.....#**** #(
*****#.* #.#.....# #.
#.###.#Y...## #. #....YY@...#
#. #####.YY...# ## #...#### #
##### # ######### #........
#.####### #.# ## #.# #.


You could see 5 yaks.

Vanquished Creatures
  A yak (D:5)
  A sky beast (D:5)
  A black bear (D:5)
  2 ogres (D:4)
  A quasit (D:4)
  An orc priest (D:5)
  A hound (D:5)
  A bullfrog skeleton (D:5)
  6 worker ants
  5 adders
  7 gnolls (D:4)
  A shadow imp (D:5)
  A white imp (D:4)
  3 oozes
  A worm (D:2)
  2 dart slugs (D:4)
  4 leopard geckos
  11 orcs
  A ball python (D:4)
  12 bats
  6 giant cockroaches
  7 hobgoblins
  2 jackals (D:5)
  3 quokkas
  5 frilled lizards
  9 goblins
  7 kobolds
  10 rats
112 creatures vanquished.

Vanquished Creatures (others)
  4 withered plants (D:4)
4 creatures vanquished.

Grand Total: 116 creatures vanquished

Notes
Turn   | Place    | Note
-------+----------+-------------------------------------------
     0 | D:1      | Kinoniko the Hill Orc Fighter began the quest for the Orb.
     0 | D:1      | Reached XP level 1. HP: 19/19 MP: 1/1
   250 | D:1      | Reached XP level 2. HP: 27/27 MP: 2/2
   795 | D:2      | Reached XP level 3. HP: 11/33 MP: 3/3
  1496 | D:2      | Reached XP level 4. HP: 40/40 MP: 4/4
  2699 | D:3      | Found a faded altar of an unknown god.
  2804 | D:4      | Noticed an ogre
  2815 | D:4      | Reached XP level 5. HP: 30/47 MP: 5/5
  2831 | D:4      | Killed an ogre
  2831 | D:4      | Reached XP level 6. HP: 32/53 MP: 6/6
  3166 | D:4      | Found a runed translucent gate.
  3166 | D:4      | Found a runed translucent gate.
  3166 | D:4      | Found a runed translucent gate.
  3170 | D:4      | Noticed Kinoniko's ghost (amateur DrMo)
  3170 | D:4      | Noticed Necrophagist's ghost (novice FoBe)
  3170 | D:4      | Noticed Conn's ghost (novice OpFE)
  3593 | D:4      | Reached skill level 5 in Fighting
  3593 | D:4      | Reached skill level 5 in Long Blades
  3673 | D:4      | Reached XP level 7. HP: 4/61 MP: 7/7
  4183 | D:5      | Entered Level 5 of the Dungeon
  4188 | D:5      | Found a shimmering altar of Xom.
  4343 | D:5      | Reached skill level 5 in Armour
  4343 | D:5      | Reached skill level 5 in Shields
  4487 | D:5      | Found Xoamedyd's Gadget Shop.
  5043 | D:5      | Found a staircase to the Ecumenical Temple.
  5195 | D:5      | Found Fiaseng Kamu's Assorted Antiques.
  5230 | D:5      | Reached XP level 8. HP: 48/70 MP: 8/8
  5342 | D:5      | Found Gierch's Book Emporium.
  5356 | D:5      | Noticed a yak
  5356 | D:5      | Noticed a yak
  5356 | D:5      | Noticed a yak
  5356 | D:5      | Noticed a yak
  5356 | D:5      | Noticed a yak
  5361 | D:5      | Noticed a yak
  5374 | D:5      | Killed a yak
  5381 | D:5      | Slain by a yak

Illustrated notes

Levels and vault maps discovered:
D:1:      elethiomel_arrival_maze, layout_rooms
D:2:      layout_basic
D:3:      layout_basic, chequers_ecumenical_altar_grove
D:4:      layout_basic, gammafunk_ghost_cemetery, minmay_manual_moon
D:5:      layout_basic, minmay_temple_entry_statues_fountains, basic_altar,
          serial_shops, nicolae_shop_window_shopping, shop_fountains, shop

Skill      XL: |  1  2  3  4  5  6  7  8 |
---------------+-------------------------+-----
Fighting       | 4 5 6 |  6.1
Long Blades    | 3 4 5 6 |  6.7
Armour         | 4 5 |  5.5
Shields        | 4 5 |  5.5

Action                   |  1- 3 |  4- 6 |  7- 9 || total
-------------------------+-------+-------+-------++-------
Melee: Long sword        |   132 |   207 |   148 ||   487
  Use: Potion            |     2 |     2 |     7 ||    11
       Scroll            |       |     8 |     6 ||    14
Armor: Chain mail        |    97 |   131 |   105 ||   333
       Scale mail        |     8 |       |       ||     8
Dodge: Dodged            |    44 |    42 |    42 ||   128
Block: Kite shield       |    95 |   112 |    93 ||   300
       Rpst.: Long sword |    13 |     8 |    12 ||    33

Table legend: (Time is in decaauts)
 A = Elapsed time spent in this place.
 B = Non-inter-level travel time spent in this place.
 C = Inter-level travel time spent in this place.
 D = Time resting spent in this place.
 E = Time spent auto-exploring this place.
 F = Levels seen in this place.
 G = Mean time per level.
                   A        B        C        D        E       F      G
               +--------+--------+--------+--------+--------+-----+--------+
         Total |   5509 |   5428 |     81 |   1927 |   2521 |   5 | 1101.8 |
       Dungeon |   5509 |   5428 |     81 |   1927 |   2521 |   5 | 1101.8 |
               +--------+--------+--------+--------+--------+-----+--------+

Top non-repeatable levels by time:
     D:4: 1568 daAuts
     D:2: 1240 daAuts
     D:5: 1118 daAuts
     D:3: 894 daAuts
     D:1: 688 daAuts
